 Dungeon Crawl Stone Soup version 0.22-a0-848-ge9e22a0 (webtiles) character file.

346 dtsj the Poker (level 6, -4/65 HPs)
             Began as an Ogre Skald on July 26, 2018.
             Killed by divine providence
             ... invoked by an orc priest
              (14 damage)
             ... on level 4 of the Dungeon.
             The game lasted 00:09:20 (2984 turns).

dtsj the Poker (Ogre Skald)                         Turns: 2984, Time: 00:09:20

Health: -4/65      AC:  4    Str: 16    XL:     6   Next: 59%
Magic:  9/12       EV: 10    Int: 16    God:
Gold:   171        SH:  0    Dex:  8    Spells: 2/13 levels left

rFire    . . .     SeeInvis .   c - +0 trident
rCold    . . .     Gourm    .   (no shield)
rNeg     + . .     Faith    .   b - +0 robe
rPois    .         Spirit   .   (helmet restricted)
rElec    .         Reflect  .   k - +0 cloak
rCorr    +         Harm     .   (gloves unavailable)
MR       .....                  (boots unavailable)
Stlth    +.........             p - amulet of the acrobat
HPRegen  0.20/turn              j - ring of resist corrosion
MPRegen  0.13/turn              a - ring of positive energy

@: confused, very slightly contaminated
A: large, unfitting armour, tough skin 1
a: no special abilities


You were on level 4 of the Dungeon.
You were hungry.

You visited 1 branch of the dungeon, and saw 4 of its levels.

You collected 171 gold pieces.

Inventory:

Hand Weapons
 c - a +0 trident (weapon)
Armour
 b - a +0 robe (worn)
 k - a +0 cloak (worn)
Jewellery
 a - a ring of positive energy (right hand)
 j - a ring of resist corrosion (left hand)
 p - an amulet of the acrobat (around neck)
Wands
 t - a wand of digging (19)
Scrolls
 e - a scroll of noise {unknown}
 h - 4 scrolls of identify
 i - 2 scrolls of teleportation {unknown}
 l - 2 scrolls of amnesia {unknown}
 m - a scroll of enchant weapon {unknown}
 o - a scroll of immolation {unknown}
 s - a scroll of remove curse {unknown}
Potions
 f - a potion of berserk rage
 g - 2 potions of curing
 q - a potion of flight {unknown}
 r - a potion of might {unknown}
Comestibles
 d - 5 rations
 n - 3 chunks of flesh


   Skills:
 + Level 4.9 Fighting
 * Level 5.0 Polearms
 - Level 2.1 Dodging
 + Level 4.2 Spellcasting
 - Level 2.6 Charms


You had 2 spell levels left.
You knew the following spells:

 Your Spells              Type           Power        Failure   Level  Hunger
a - Infusion              Chrm           ##..         5%          1    None
b - Song of Slaying       Chrm           ##......     9%          2    ##.....
c - Shroud of Golubria    Chrm/Tloc      #.........   14%         2    ##.....
d - Spectral Weapon       Hex/Chrm       #.......     28%         3    ###....
e - Regeneration          Chrm/Necr      #.........   28%         3    ###....

Your spell library contained the following spells:

 Spells                   Type           Power        Failure   Level  Hunger


Dungeon Overview and Level Annotations

Branches:
Dungeon (4/15)
 Temple: D:4-7

Altars:
Qazlal
Ru
Yredelemnul


Innate Abilities, Weirdness & Mutations

You are too large for most types of armour.
You have tough skin. (AC +1)


Message History

* * * LOW HITPOINT WARNING * * *
Your spectral weapon fades away.
You hear some strange, mumbled words.
Something tries to affect you, but you resist.
A magic dart appears from out of thin air!
The magic dart hits you!
* * * LOW HITPOINT WARNING * * *
You are confused.
You see here 27 stones.
You bump into the rock wall.
You bump into the rock wall.
You bump into the rock wall.
A magic dart appears from out of thin air!
The magic dart hits you!
* * * LOW HITPOINT WARNING * * *
You bump into the rock wall.
You're too confused to move!
The orc priest calls down the wrath of Beogh upon you.
Beogh smites you!
You die...

## .. .# # .# #.# .# ..
######################.#.#
#...........@..so.oo.....#
#.###################o#.....
#.# #.o..### #.# #.##.# #.#


Koo .# #.# ... # #.# ..... #.# ##..# #.# #..# You could see 2 orc priests, an
orc and a giant cockroach.

Vanquished Creatures
  2 hounds
  Ijyb (D:3)
  2 orc wizards (D:3)
  4 adders
  8 gnolls
  A shadow imp (D:3)
  A worm (D:2)
  4 dart slugs
  2 leopard geckos (D:3)
  8 orcs
  5 giant cockroaches
  6 goblins
  5 hobgoblins
  2 jackals (D:3)
  A quokka (D:2)
  A ball python (D:3)
  7 bats
  A frilled lizard (D:2)
  6 kobolds
  A leopard gecko skeleton (D:4)
  7 rats
75 creatures vanquished.

Notes
Turn   | Place    | Note
-------+----------+-------------------------------------------
     0 | D:1      | dtsj the Ogre Skald began the quest for the Orb.
     0 | D:1      | Reached XP level 1. HP: 22/22 MP: 3/3
   205 | D:1      | Reached XP level 2. HP: 29/29 MP: 5/5
   211 | D:1      | Learned a level 2 spell: Song of Slaying
   214 | D:1      | Learned a level 2 spell: Shroud of Golubria
   932 | D:2      | Reached XP level 3. HP: 30/37 MP: 1/7
  1022 | D:2      | Reached skill level 3 in Polearms
  1073 | D:1      | HP: 1/37 [poisoned by an adder]
  1250 | D:2      | Reached XP level 4. HP: 45/45 MP: 8/8
  1577 | D:2      | Learned a level 3 spell: Spectral Weapon
  1687 | D:2      | Found a sacrificial altar of Ru.
  2019 | D:2      | Reached XP level 5. HP: 45/54 MP: 6/10
  2067 | D:3      | Reached skill level 4 in Polearms
  2233 | D:3      | Learned a level 3 spell: Regeneration
  2364 | D:3      | Reached XP level 6. HP: 53/63 MP: 9/11
  2461 | D:3      | Found a stormy altar of Qazlal.
  2585 | D:3      | Noticed Ijyb
  2597 | D:3      | Killed Ijyb
  2851 | D:3      | Reached skill level 5 in Polearms
  2863 | D:3      | Found a basalt altar of Yredelemnul.
  2984 | D:4      | Killed from afar by an orc priest

Vault maps used:
D:1:      dpeg_arrival_lava_altar
D:2:      cheibrodos_old_hovel, first_ration, nicolae_ru_path_of_blood
D:3:      marbit_many_paths, grunt_qazlal_sundering, uniq_ijyb

Skill      XL: |  1  2  3  4  5  6 |
---------------+-------------------+-----
Fighting       | 3 4 |  4.9
Polearms       | 3 4 5 |  5.0
Spellcasting   | 3 4 |  4.2
Dodging        | |  2.1
Charms         | |  2.6

Action                   |  1- 3 |  4- 6 || total
-------------------------+-------+-------++-------
Melee: Spear             |   100 |    68 ||   168
       Trident           |       |   115 ||   115
 Cast: Infusion          |     7 |     2 ||     9
       Shroud of Golubri |     1 |     2 ||     3
       Spectral Weapon   |       |     7 ||     7
  Use: Potion            |     3 |       ||     3
       Scroll            |       |     1 ||     1
 Stab: Sleeping          |       |     1 ||     1
  Eat: Chunk             |     1 |     9 ||    10
Armor: Robe              |    24 |    40 ||    64
Dodge: Dodged            |    39 |    97 ||   136

Table legend:
 A = Spawn XP
 B = Non-spawn XP
 C = Spawn XP percentage of total XP
 D = Spawn monster count
 E = Non-spawn monster count
 F = Spawn count percentage of total count
 G = Total turns spent on level
                    A         B        C        D         E        F      G
               +---------+---------+-------+---------+---------+-------+---------
         Total |       0 |     495 |   0.0 |       0 |      75 |   0.0 |  2984
               +---------+---------+-------+---------+---------+-------+---------
           D:1 |       0 |      65 |   0.0 |       0 |      16 |   0.0 |  1014
           D:2 |       0 |     115 |   0.0 |       0 |      21 |   0.0 |  1037
           D:3 |       0 |     311 |   0.0 |       0 |      36 |   0.0 |   852
           D:4 |       0 |       4 |   0.0 |       0 |       2 |   0.0 |    81
               +---------+---------+-------+---------+---------+-------+---------
